Map: Port Aleksander LE

Players

SunSet - Winner!

  • Race: Zerg Zerg
  • Spawn Location: 11:00

Cronos

  • Race: Protoss Protoss
  • Spawn Location: 5:00

Event: 2019 WCS Spring

VOD

Have the link to the VOD?

Description

Time

  • Played on: May 17, 2019, 1:42 p.m.
  • Length: 6:02

All games in this series

Show
View Real Time Build Order
Export as new Build Order

SunSet Zerg - Winner!

Build Orders: Hatch First 

Get SALT Encoding   

  12  0:02  Drone  
  13  0:12  Overlord  
  13  0:18  Drone  
  14  0:31  Drone x2  
  14  0:35  Drone  
  17  0:54  Hatchery  
  17  0:56  Drone  
  17  0:59  Drone  
  18  1:10  Extractor  
  17  1:16  Spawning Pool  
  16  1:19  Drone  
  16  1:25  Drone  
  18  1:30  Drone  
  19  1:51  Overlord  
  19  2:05  Zergling x4  
  21  2:09  Spine Crawler  
  21  2:10  Spine Crawler  
  19  2:21  Queen  
  21  2:27  Spine Crawler  
  20  2:33  Drone  
  20  2:34  Drone  
  22  2:40  Drone  
  22  2:43  Drone  
  24  2:45  Drone  
  22  2:51  Drone  
  22  2:54  Drone  
  24  3:02  Drone  
  24  3:03  Drone x2  
  27  3:08  Drone  
  27  3:09  Drone  
  29  3:17  Overlord  
  29  3:18  Drone  
  30  3:22  Queen  
  32  3:28  Drone  
  32  3:29  Drone x2  
  32  3:32  Drone  
  36  3:38  Drone x2  
  38  3:42  Drone  
  38  3:43  Extractor  
  38  3:44  Metabolic Boost  
  38  3:52  Drone  
  38  3:55  Drone  
  40  3:58  Queen  
  40  4:00  Drone  
  43  4:04  Drone  
  43  4:06  Roach Warren  
  43  4:10  Overlord  
  43  4:21  Drone  
  44  4:25  Lair  
  44  4:26  Overlord  
  44  4:30  Extractor  
  43  4:40  Overlord  
  43  4:41  Drone x3  
  43  4:44  Drone x2  
  43  4:45  Extractor  
  47  4:46  Zergling x2  
  48  4:53  Roach  
  48  4:57  Overlord  
  50  5:04  Roach x2  
  50  5:05  Roach x2  
  58  5:10  Overlord  
  57  5:22  Ravager  
  57  5:23  Zergling x2  
  57  5:24  Zergling x2  
  60  5:30  Ravager x4  
  64  5:37  Zergling x6  
Show
View Real Time Build Order
Export as new Build Order

Cronos Protoss 

Build Orders:  

Get SALT Encoding   

  12  0:00  Probe  
  13  0:16  Pylon  
  13  0:19  Probe  
  14  0:35  Forge  
  14  0:39  Probe  
  15  0:51  Pylon  
  15  0:59  Probe  
  16  1:18  Photon Cannon, Gateway  
  16  1:27  Gateway  
  16  1:37  Photon Cannon  
  16  1:50  Pylon  
  16  1:54  Probe  
  17  2:02  Probe  
  17  2:03  Assimilator  
  17  2:04  Assimilator  
  18  2:10  Probe  
  18  2:11  Photon Cannon  
  18  2:14  Photon Cannon  
  19  2:23  Cybernetics Core  
  20  2:30  Zealot, Probe  
  21  2:48  Probe  
  21  2:56  Probe  
  22  3:02  Stalker  
  23  3:05  Probe  
  23  3:12  Photon Cannon  
  24  3:14  Photon Cannon  
  24  3:18  Probe  
  25  3:22  Shield Battery  
  25  3:32  Photon Cannon  
  25  3:35  Photon Cannon  
  25  3:48  Robotics Facility  
  23  3:56  Pylon  
  23  3:58  Probe  
  24  4:28  Immortal, Gateway  
  24  4:31  Probe  
  25  4:41  Photon Cannon  
  29  4:56  Pylon  
  29  5:21  Cybernetics Core  
  33  5:37  Nexus  
  33  5:49  Pylon  
Tags
 
Add a new tag
Caveats
  • Supply blocks, unpowered buildings, or Contaminate may cause inaccurate times.
  • Supply counts are checked every 10 seconds.